 Dungeon Crawl Stone Soup version 0.30.0-2-g1aa4bd4387 (webtiles) character file.

Game seed: 4227056732077750050

1630 Eitelfritz the Carver (level 8, -10/65 (70) HPs)
             Began as a Minotaur Gladiator on May 7, 2023.
             Killed by divine providence
             ... invoked by an orc priest
              (14 damage)
             ... on level 6 of the Dungeon.
             The game lasted 00:09:57 (5021 turns).

Eitelfritz the Carver (Minotaur Gladiator)          Turns: 5021, Time: 00:09:57

HP:   -10/65 (70)   AC:  9    Str: 20    XL:     8   Next: 65%
MP:   7/7           EV: 13    Int:  7    God:
Gold: 284           SH:  0    Dex: 11    Spells: 7/7 levels left

rFire   . . .        a - +2 long sword
rCold   . . .        (no shield)
rNeg    . . .        i - +0 acid dragon scales
rPois   .            c - +2 hat
rElec   .            (no cloak)
rCorr   +            (no gloves)
SInv    .            (no boots)
Will    .....        (no amulet)
Stlth   +            (no ring)
HPRegen 0.30/turn    (no ring)
MPRegen 0.10/turn

%: no passive effects
@: drained
A: horns 2, retaliatory headbutt
a: no special abilities


You were on level 6 of the Dungeon.
You visited 1 branch of the dungeon, and saw 6 of its levels.

You collected 284 gold pieces.

Inventory:

Hand Weapons
 a - a +2 long sword (weapon)
 b - a +0 shortbow
 B - a +0 sling
Missiles
 d - 3 throwing nets
 e - 7 javelins
 s - 4 poisoned darts
Armour
 c - a +2 hat (worn)
 f - a +2 kite shield
 i - +0 acid dragon scales (worn)
Wands
 k - a wand of paralysis (19)
 w - a wand of iceblast (19)
 z - a wand of flame (8) (quivered)
Scrolls
 p - a scroll of brand weapon {unknown}
 v - a scroll of blinking
 x - 2 scrolls of torment
 y - a scroll of immolation
Potions
 g - 2 potions of magic
 h - 2 potions of flight
 j - a potion of resistance {unknown}
 l - 2 potions of curing {unknown}
 m - 2 potions of brilliance {unknown}
 n - a potion of mutation {unknown}
 q - 2 potions of degeneration {unknown}
 r - a potion of haste {unknown}
 u - a potion of ambrosia {unknown}
 C - a potion of might {unknown}


   Skills:
 + Level 5.7 Fighting
 + Level 8.6 Long Blades
 + Level 1.1 Ranged Weapons
 + Level 3.2 Throwing
 + Level 6.4 Armour
 + Level 5.7 Dodging
 + Level 0.6 Stealth
 + Level 0.2 Evocations


You had 7 spell levels left.
You didn't know any spells.
Your spell library was empty.

Dungeon Overview and Level Annotations

Branches:
Dungeon (6/15)             Temple (0/1) D:6

Altars:
Elyvilon
Qazlal

Shops:
D:6 =


Innate Abilities, Weirdness & Mutations

You have a pair of horns on your head.
You reflexively headbutt those who attack you in melee.


Message History

You kill the hound!
You hit the wight. You headbutt the wight.
The wight is moderately damaged.
The wight closely misses you. You furiously retaliate!
You headbutt the wight. The wight barely misses you.
You barely miss the wight. Your headbutt misses the wight.
The wight is heavily damaged.
The wight hits you with a +0 flail.
You feel drained. The wight closely misses you.
You hit the wight. You headbutt the wight.
You destroy the wight!
The wight hits you from afar with a +2 spear.
Your life force feels restored.
You hit the wight.
You headbutt the wight, but do no damage.
The wight is lightly damaged.
The wight barely misses you. The wight hits you with a +4 flail!
You feel drained.
You closely miss the wight. Your headbutt misses the wight.
The wight is lightly damaged.
The wight hits you from afar with a +2 spear.
You feel drained. The wight misses you.
You hit the wight.
The wight is lightly damaged.
The wight hits you but does no damage. The wight hits you with a +4 flail!
You feel drained.
You hit the wight.
The wight is moderately damaged.
The wight closely misses you. The wight barely misses you.
You hit the wight but do no damage.
The wight is moderately damaged.
The wight hits you from afar with a +2 spear!
* * * LOW HITPOINT WARNING * * *
The wight hits you with a +4 flail!
* * * LOW HITPOINT WARNING * * *
You hit the wight but do no damage. You headbutt the wight.
The wight is moderately damaged.
The orc priest invokes the aid of Beogh against you.
Beogh smites you!
You die...

...#..#.#.# #z...
..........##### #.z...
..............#### #......
..#..............# .z.....
######......#....#####...o...
#...........o..z#.......
#......##..#z...o.......
######.###.z####o.......
#.....@# ###...... #####..#
.....c #..# ..... #### .....
.... ....


You could see 2 wights and an orc priest.

Vanquished Creatures
  Maggie (D:6)
  Sigmund (D:6)
  Duvessa (D:6)
  An ice beast (D:5)
  An ogre (D:5)
  A black bear (D:5)
  A centaur (D:5)
  A bullfrog (D:5)
  3 scorpions
  A wight (D:6)
  Dowan (D:6)
  An orc priest (D:4)
  5 hounds
  A jelly (D:6)
  A sleepcap (D:6)
  2 orc wizards (D:6)
  3 adders
  An ufetubus (D:5)
  2 worms
  2 dart slugs
  8 orcs
  9 ball pythons
  6 bats
  7 endoplasms
  A giant cockroach (D:3)
  6 hobgoblins
  5 jackals
  9 kobolds
  3 quokkas
  2 frilled lizards
  4 goblins
  2 rats
93 creatures vanquished.

Notes
Turn   | Place    | Note
-------+----------+-------------------------------------------
     0 | D:1      | Eitelfritz the Minotaur Gladiator began the quest for the
                  | Orb.
     0 | D:1      | Reached XP level 1. HP: 18/18 MP: 0/0
   235 | D:1      | Reached skill level 4 in Long Blades
   256 | D:1      | Reached XP level 2. HP: 22/25 MP: 1/1
   985 | D:2      | Reached XP level 3. HP: 30/30 MP: 2/2
  1549 | D:3      | Reached skill level 1 in Armour
  1847 | D:3      | Reached XP level 4. HP: 25/38 MP: 3/3
  2282 | D:4      | Noticed a scorpion
  2403 | D:4      | Reached skill level 5 in Long Blades
  2474 | D:4      | Reached XP level 5. HP: 16/45 MP: 4/4
  2694 | D:4      | Found a white marble altar of Elyvilon.
  3189 | D:5      | Entered Level 5 of the Dungeon
  3189 | D:5      | Noticed a black bear
  3196 | D:5      | Killed a black bear
  3197 | D:5      | Reached XP level 6. HP: 47/52 MP: 5/5
  3457 | D:5      | Reached skill level 6 in Long Blades
  3756 | D:5      | Reached XP level 7. HP: 59/59 MP: 6/6
  3780 | D:5      | Reached skill level 5 in Armour
  3990 | D:5      | Reached skill level 7 in Long Blades
  4440 | D:6      | Reached skill level 5 in Dodging
  4482 | D:6      | Found Irphid's Jewellery Boutique.
  4486 | D:6      | Noticed Duvessa
  4486 | D:6      | Noticed Dowan
  4498 | D:6      | Killed Duvessa
  4499 | D:6      | Reached XP level 8. HP: 24/67 MP: 7/7
  4503 | D:6      | Killed Dowan
  4701 | D:6      | Found a stormy altar of Qazlal.
  4734 | D:6      | Noticed Maggie
  4737 | D:6      | Noticed Sigmund
  4756 | D:6      | HP: 2/63 [something (9)]
  4761 | D:6      | Killed Maggie
  4762 | D:6      | Reached skill level 5 in Fighting
  4762 | D:6      | Reached skill level 8 in Long Blades
  4771 | D:6      | Killed Sigmund
  4772 | D:6      | Reached skill level 1 in Ranged Weapons
  5001 | D:6      | Found a staircase to the Ecumenical Temple.
  5021 | D:6      | Killed from afar by an orc priest

Illustrated notes

Levels and vault maps discovered:
D:1:      minmay_arrival_four_loops, layout_loops_ring
D:2:      layout_basic
D:3:      layout_loops_cross, nrook_campfire, roderic_malta_cross
D:4:      layout_cave_pools, mainiacjoe_overflow_small_starburst
D:5:      layout_cave_pods
D:6:      layout_rooms, lemuel_crystal_altar, mainiacjoe_overflow_alcove_1,
          minmay_temple_entry_drinking_statues, serial_shops,
          nicolae_square_shop, ebering_ghost_disaster_area, uniq_sigmund,
          uniq_duvessa, uniq_maggie

Skill      XL: |  1  2  3  4  5  6  7  8 |
---------------+-------------------------+-----
Long Blades    | 4 5 6 7 8 |  8.6
Armour         | 1 2 3 4 5 6 |  6.4
Fighting       | 3 4 5 |  5.7
Dodging        | 4 5 |  5.7
Throwing       | 3 |  3.2
Ranged Weapons | 1 |  1.1
Stealth        | |  0.6
Evocations     | |  0.2

Action                     |  1- 3 |  4- 6 |  7- 9 || total
---------------------------+-------+-------+-------++-------
  Melee: Long sword        |    70 |    90 |    97 ||   257
         Headbutt          |    16 |    18 |    21 ||    55
         Punch             |       |     1 |     2 ||     3
   Fire: Shortbow          |       |       |     2 ||     2
  Throw: Dart              |       |     6 |     7 ||    13
  Evoke: Wand              |       |       |     2 ||     2
    Use: Scroll            |       |     9 |     5 ||    14
         Potion            |       |       |     3 ||     3
 Armour: Leather armour    |    16 |     9 |       ||    25
         Ring mail         |       |    24 |    23 ||    47
         Acid dragon scale |       |       |     4 ||     4
  Dodge: Dodged            |    55 |    57 |    72 ||   184
